 Dungeon Crawl Stone Soup version 0.30.1 (webtiles) character file.

Game seed: 9203118624596350083

28826 GimliDwarf the Carver (level 13, -8/99 HPs)
             Began as a Gnoll Wanderer on July 13, 2023.
             Was a High Priest of Trog.
             Mangled by a komodo dragon (9 damage)
             ... while petrified by a catoblepas
             ... on level 4 of the Lair of Beasts.
             The game lasted 00:44:10 (17565 turns).

GimliDwarf the Carver (Gnoll Wanderer)             Turns: 17565, Time: 00:44:10

Health: -8/99      AC: 23    Str: 12    XL:     13   Next: 41%
Magic:  34/34      EV:  2    Int: 12    God:    Trog [*****.]
Gold:   1050       SH:  0    Dex: 18    Spells: 27/29 levels left

rFire   . . .        a - +4 falchion (venom)
rCold   . . .        (no shield)
rNeg    + + +        g - +4 chain mail
rPois   ∞            c - +2 helmet
rElec   .            v - +1 cloak of Piwniut {rCorr MP+9 Int-2 Dex+4}
rCorr   +            q - +1 pair of gloves
SInv    .            (no boots)
Will    .....        n - amulet of reflection
Stlth   ++           w - ring of resist corrosion
HPRegen 0.36/turn    I - +5 ring of evasion
MPRegen 0.24/turn

%: reflection
@: petrified, on berserk cooldown, slowed
A: fangs 1, strong nose, distributed training
a: Renounce Religion, Berserk, Trog's Hand, Brothers in Arms


You were on level 4 of the Lair of Beasts.
You worshipped Trog.
Trog was extremely pleased with you.
You visited 3 branches of the dungeon, and saw 15 of its levels.

You collected 1050 gold pieces.

Inventory:

Hand Weapons
 a - a +4 falchion of venom (weapon)
 o - a +5 dire flail of freezing
 y - a +4 triple crossbow of flaming
 C - a +4 trident
 G - a +4 dire flail of draining
Missiles
 m - 2 atropa-tipped darts
 s - 3 throwing nets (quivered)
Armour
 c - a +2 helmet (worn)
 g - a +4 chain mail (worn)
 q - a +1 pair of gloves (worn)
 v - the +1 cloak of Piwniut (worn) {rCorr MP+9 Int-2 Dex+4}
   (You found it on level 7 of the Dungeon)

   Int:       It affects your intelligence (-2).
   Dex:       It affects your dexterity (+4).
   MP:        It affects your magic capacity (+9).
   rCorr:     It protects you from acid and corrosion.
 z - a +3 leather armour
Jewellery
 k - a ring of protection from fire
 n - an amulet of reflection (around neck)
 w - a ring of resist corrosion (left hand)
 I - a +5 ring of evasion (right hand)
 J - a ring of see invisible
Wands
 p - a wand of quicksilver (7)
 B - a wand of polymorph (10)
 F - a wand of flame (9)
Scrolls
 d - 6 scrolls of teleportation
 h - 4 scrolls of poison
 r - 2 scrolls of silence
Potions
 b - 4 potions of lignification
 e - 3 potions of cancellation
 f - 5 potions of curing
 i - 2 potions of flight
 j - 3 potions of heal wounds
 l - 3 potions of magic
 t - a potion of might
 u - 2 potions of resistance
 x - a potion of invisibility
 A - a potion of berserk rage
 D - a potion of haste
 E - 3 potions of mutation
 H - a potion of brilliance {unknown}


   Skills:
 + Level 8.6 Fighting
 + Level 8.6 Short Blades
 + Level 13.3 Long Blades
 + Level 8.6 Axes
 + Level 8.6 Maces & Flails
 + Level 8.6 Polearms
 + Level 8.6 Staves
 + Level 8.6 Ranged Weapons
 + Level 8.6 Throwing
 + Level 8.6 Armour
 + Level 8.6 Dodging
 + Level 11.5 Stealth
 + Level 8.6 Shields
 + Level 9.0 Unarmed Combat
 + Level 8.6 Spellcasting
 + Level 7.1 Conjurations
 + Level 7.1 Hexes
 + Level 7.1 Summonings
 + Level 7.1 Necromancy
 + Level 7.1 Translocations
 + Level 7.1 Transmutations
 + Level 7.1 Fire Magic
 + Level 7.1 Ice Magic
 + Level 7.1 Air Magic
 + Level 7.1 Earth Magic
 + Level 7.1 Poison Magic
 + Level 9.4 Invocations
 + Level 8.6 Evocations


You had 27 spell levels left.
You knew the following spells:

 Your Spells              Type           Power      Damage    Failure   Level
a - Blink                 Tloc           44%        N/A       17%         2

Your spell library contained the following spells:

 Spells                   Type           Power      Damage    Failure   Level
 Ensorcelled Hibernation  Hex/Ice        44%        N/A       17%         2
 Lesser Beckoning         Tloc           44%        N/A       17%         2
 Passwall                 Tmut/Erth      18%        N/A       17%         2
 Gell's Gravitas          Tloc           22%        N/A       34%         3
 Swiftness                Air            22%        N/A       34%         3
 Teleport Other           Tloc           22%        N/A       34%         3
 Manifold Assault         Tloc           22%        N/A       75%         4
 Storm Form               Tmut/Air       11%        N/A       100%        7


Dungeon Overview and Level Annotations

Branches:
Dungeon (9/15)             Temple (1/1) D:5            Lair (5/5) D:8
 Shoals (0/4) Lair:2        Snake (0/4) Lair:3        Slime (0/5) Lair:4
    Orc (0/2) D:9

Altars:
Ashenzari
Dithmenos
Elyvilon
Fedhas
Gozag
Hepliaklqana
Kikubaaqudgha
Makhleb
Nemelex Xobeh
Okawaru
Qazlal
Ru
Sif Muna
Trog
Vehumet
Wu Jian
Xom
Yredelemnul
Zin
The Shining One

Annotations:
D:6 3 runed translucent doors, Sanktem7's ghost, novice MiFi; bronco's ghost, novice MiBe; monsoonserge's ghost, amateur FoHs; turdburglar's ghost, novice MfSu
D:8 2 runed translucent doors


Innate Abilities, Weirdness & Mutations

You have very sharp teeth.
Your uncanny sense of smell can sniff out nearby items.
Your experience applies equally to all skills.


Message History

The cane toad is engulfed in calcifying dust.
You turn to flesh and can move again.
You feel a strong urge to attack something.
You are engulfed in calcifying dust.
You are slowing down.
You are no longer berserk.
You are exhausted.
You feel yourself slow down.
The dream sheep bleats!
You hear a roar!
The cane toad is engulfed in calcifying dust.
The yak is engulfed in calcifying dust.
The yak stops moving altogether!
The catoblepas gores you but does no damage.
You block the komodo dragon's attack. The yak gores you!
* * * LOW HITPOINT WARNING * * *
You climb upwards.
You have turned to stone.
The catoblepas gores you.
The komodo dragon bites you but does no damage.
The yak gores you.
The catoblepas gores you but does no damage.
The komodo dragon bites you.
* * * LOW HITPOINT WARNING * * *
The yak barely misses you.
The catoblepas gores you but does no damage.
The komodo dragon bites you!
* * * LOW HITPOINT WARNING * * *
The yak gores you but does no damage. The catoblepas gores you!
* * * LOW HITPOINT WARNING * * *
The komodo dragon bites you!
* * * LOW HITPOINT WARNING * * *
The yak gores you but does no damage. The catoblepas gores you!
* * * LOW HITPOINT WARNING * * *
The komodo dragon bites you but does no damage.
The yak gores you but does no damage.
The catoblepas breathes a plume of calcifying dust at you.
The blast of calcifying dust hits you.
* * * LOW HITPOINT WARNING * * *
The komodo dragon bites you!!
You die...

...##### #P........# #.....##
...## #P........# ##.....#
...P# ##........# #......##
....# ####.....## ###......
...### #.##...P# #......
...#.### ####...## #......
#......# #...P# ##......
#......# #.l.## #......#
#......# #@Y..# ##.....#
#......# #Y..### ##.....#
#......### #...P.## ##......#
###.#....# #......# #......##
###....# ##......# ###....#
#.....######.......### #....##
##...................###.....#
###...................###...##
#....................####...#.


You could see a catoblepas, a komodo dragon and a yak.

Vanquished Creatures
  A hydra (Lair:4)
  2 two-headed ogres
  3 death yaks (Lair:3)
  2 skysharks (Lair:1)
  An oklob plant (Lair:3)
  A salamander (Lair:3)
  4 elephants (Lair:2)
  A merfolk siren (Lair:2)
  2 torpor snails
  3 black mambas
  8 cane toads
  4 rime drakes
  3 komodo dragons
  3 merfolk (Lair:2)
  A polar bear (Lair:2)
  2 hornets
  Grinder (D:3)
  16 blink frogs
  9 dream sheep (Lair:4)
  18 yaks
  2 basilisks
  A wraith (D:9)
  4 steam dragons
  3 wargs (D:8)
  Edmund (D:4)
  6 water moccasins
  An orc warrior (D:8)
  5 black bears (Lair:3)
  An ice beast (D:8)
  14 wolves
  2 centaurs
  2 kobold brigands (D:9)
  3 phantoms
  11 bullfrogs
  4 scorpions
  11 wights
  2 electric eels
  The ghost of Drain the Conjurer, a weakling DrCj (D:3)
  3 howler monkeys
  3 lava snakes (Lair:3)
  6 hounds
  4 jellies
  2 gnoll boudas (D:6)
  8 orc priests
  7 hell rats
  5 iguanas
  11 orc wizards
  Robin (D:4)
  18 gnolls
  6 adders
  4 white imps
  2 ufetubi
  2 worms
  A dart slug (D:3)
  41 orcs
  6 ball pythons
  9 bats
  8 endoplasms
  3 giant cockroaches
  16 goblins
  7 hobgoblins
  4 jackals
  3 quokkas
  5 frilled lizards
  8 kobolds
  4 rats
356 creatures vanquished.

Vanquished Creatures (others)
  An orc wizard (D:8)
1 creature vanquished.

Grand Total: 357 creatures vanquished

Notes
Turn   | Place    | Note
-------+----------+-------------------------------------------
     0 | D:1      | Reached skill level 10 in Long Blades
     0 | D:1      | GimliDwarf the Gnoll Wanderer began the quest for the Orb.
     0 | D:1      | GimliDwarf set off with the following items: a +2 falchion,
                  | a potion of lignification, a +0 helmet, a scroll of
                  | teleportation, a +0 robe.
     0 | D:1      | Reached XP level 1. HP: 13/13 MP: 1/1
   105 | D:1      | Reached XP level 2. HP: 16/19 MP: 2/2
   388 | D:1      | Reached XP level 3. HP: 13/25 MP: 2/4
   865 | D:2      | Found a faded altar of an unknown god.
   870 | D:2      | Reached skill level 1 in Invocations
  1250 | D:2      | Reached skill level 1 in Fighting
  1250 | D:2      | Reached skill level 1 in Short Blades
  1250 | D:2      | Reached skill level 1 in Axes
  1250 | D:2      | Reached skill level 1 in Maces & Flails
  1250 | D:2      | Reached skill level 1 in Polearms
  1250 | D:2      | Reached skill level 1 in Staves
  1250 | D:2      | Reached skill level 1 in Ranged Weapons
  1250 | D:2      | Reached skill level 1 in Throwing
  1250 | D:2      | Reached skill level 1 in Armour
  1250 | D:2      | Reached skill level 1 in Dodging
  1250 | D:2      | Reached skill level 1 in Shields
  1250 | D:2      | Reached skill level 1 in Spellcasting
  1250 | D:2      | Reached skill level 1 in Evocations
  1969 | D:3      | Found a runed translucent gate.
  1969 | D:3      | Found a runed translucent gate.
  1969 | D:3      | Found a runed translucent gate.
  1972 | D:3      | Noticed Drain's ghost (weakling DrCj)
  1986 | D:3      | Noticed Grinder
  2490 | D:3      | Reached XP level 4. HP: 32/32 MP: 5/5
  2771 | D:3      | Reached skill level 1 in Conjurations
  2771 | D:3      | Reached skill level 1 in Hexes
  2771 | D:3      | Reached skill level 1 in Summonings
  2771 | D:3      | Reached skill level 1 in Necromancy
  2771 | D:3      | Reached skill level 1 in Translocations
  2771 | D:3      | Reached skill level 1 in Transmutations
  2771 | D:3      | Reached skill level 1 in Fire Magic
  2771 | D:3      | Reached skill level 1 in Ice Magic
  2771 | D:3      | Reached skill level 1 in Air Magic
  2771 | D:3      | Reached skill level 1 in Earth Magic
  2771 | D:3      | Reached skill level 1 in Poison Magic
  3560 | D:3      | Found a basalt altar of Yredelemnul.
  3686 | D:3      | Reached XP level 5. HP: 13/37 MP: 7/7
  3880 | D:3      | Learned a level 2 spell: Blink
  3881 | D:4      | Noticed Edmund
  4481 | D:4      | Killed Edmund
  4482 | D:4      | Reached XP level 6. HP: 34/44 MP: 7/9
  4906 | D:4      | Noticed Robin
  4943 | D:4      | Killed Robin
  5320 | D:5      | Entered Level 5 of the Dungeon
  5450 | D:5      | Reached XP level 7. HP: 50/51 MP: 10/10
  5463 | D:5      | Found a staircase to the Ecumenical Temple.
  5474 | Temple   | Entered the Ecumenical Temple
  5644 | Temple   | Became a worshipper of Trog the Wrathful
  6342 | D:5      | Reached XP level 8. HP: 58/58 MP: 12/12
  6381 | D:6      | Found a runed translucent gate.
  6381 | D:6      | Found a runed translucent gate.
  6496 | D:6      | Found a runed translucent gate.
  6573 | D:6      | Reached * piety under Trog
  6673 | D:6      | Reached skill level 11 in Long Blades
  7185 | D:6      | Found an ornate altar of the Wu Jian Council.
  7196 | D:6      | Found a burning altar of Makhleb.
  7432 | D:6      | Noticed monsoonserge's ghost (amateur FoHs)
  7433 | D:6      | Noticed turdburglar's ghost (novice MfSu)
  7434 | D:6      | Noticed bronco's ghost (novice MiBe)
  7436 | D:6      | Noticed Sanktem7's ghost (novice MiFi)
  7787 | D:3      | Killed Grinder
  7788 | D:3      | Reached XP level 9. HP: 65/65 MP: 13/15
  7999 | D:3      | Killed Drain's ghost
  8243 | D:7      | Reached skill level 5 in Unarmed Combat
  8455 | D:7      | Reached ** piety under Trog
  8613 | D:7      | Identified the +1 cloak of Piwniut {rCorr MP+9 Int-2 Dex+4}
  8762 | D:7      | Reached skill level 5 in Invocations
  9097 | D:8      | Found a staircase to the Lair.
  9235 | D:8      | Reached skill level 5 in Fighting
  9235 | D:8      | Reached skill level 5 in Short Blades
  9235 | D:8      | Reached skill level 5 in Axes
  9235 | D:8      | Reached skill level 5 in Maces & Flails
  9235 | D:8      | Reached skill level 5 in Polearms
  9235 | D:8      | Reached skill level 5 in Staves
  9235 | D:8      | Reached skill level 5 in Ranged Weapons
  9235 | D:8      | Reached skill level 5 in Throwing
  9235 | D:8      | Reached skill level 5 in Armour
  9235 | D:8      | Reached skill level 5 in Dodging
  9235 | D:8      | Reached skill level 5 in Shields
  9235 | D:8      | Reached skill level 5 in Spellcasting
  9235 | D:8      | Reached skill level 5 in Evocations
  9235 | D:8      | Reached XP level 10. HP: 74/74 MP: 17/17
  9732 | D:8      | Reached *** piety under Trog
  9779 | D:8      | Found a large runed translucent door.
  9836 | D:8      | Found a large runed translucent door.
  9995 | D:8      | Noticed a two-headed ogre
 10003 | D:8      | Killed a two-headed ogre
 10222 | D:9      | Reached skill level 12 in Long Blades
 10363 | D:9      | Reached skill level 5 in Conjurations
 10363 | D:9      | Reached skill level 5 in Hexes
 10363 | D:9      | Reached skill level 5 in Summonings
 10363 | D:9      | Reached skill level 5 in Necromancy
 10363 | D:9      | Reached skill level 5 in Translocations
 10363 | D:9      | Reached skill level 5 in Transmutations
 10363 | D:9      | Reached skill level 5 in Fire Magic
 10363 | D:9      | Reached skill level 5 in Ice Magic
 10363 | D:9      | Reached skill level 5 in Air Magic
 10363 | D:9      | Reached skill level 5 in Earth Magic
 10363 | D:9      | Reached skill level 5 in Poison Magic
 10428 | D:9      | Reached XP level 11. HP: 76/81 MP: 20/20
 10447 | D:9      | Noticed a two-headed ogre
 10449 | D:9      | Reached skill level 10 in Stealth
 10457 | D:9      | Killed a two-headed ogre
 10689 | D:9      | Found a staircase to the Orcish Mines.
 11356 | Lair:1   | Entered Level 1 of the Lair of Beasts
 11407 | D:8      | HP: 4/83 [yak (4)]
 12560 | Lair:1   | Noticed a skyshark
 12570 | Lair:1   | Killed a skyshark
 13245 | Lair:1   | Reached XP level 12. HP: 80/91 MP: 22/22
 13400 | Lair:2   | Noticed a skyshark
 13423 | Lair:1   | Killed a skyshark
 13827 | Lair:2   | Reached **** piety under Trog
 14974 | Lair:2   | Found a staircase to the Shoals.
 15251 | Lair:3   | Found a staircase to the Snake Pit.
 15690 | Lair:3   | Reached skill level 13 in Long Blades
 15986 | Lair:3   | Noticed a death yak
 15986 | Lair:3   | Noticed a death yak
 15986 | Lair:3   | Noticed a death yak
 16005 | Lair:3   | Killed a death yak
 16006 | Lair:3   | Reached XP level 13. HP: 86/98 MP: 25/25
 16741 | Lair:4   | Reached ***** piety under Trog
 17229 | Lair:4   | Found a staircase to the Slime Pits.
 17530 | Lair:5   | Entered Level 5 of the Lair of Beasts
 17564 | Lair:4   | HP: 1/99 [catoblepas (5)]
 17565 | Lair:4   | Mangled by a komodo dragon

Illustrated notes

Levels and vault maps discovered:
D:1:      dpeg_arrival_renting, layout_basic, chequers_serial_rivers_small_3,
          chequers_serial_rivers_small_a
D:2:      layout_loops_corners, serial_forest, infiniplex_forest_end_3,
          infiniplex_forest_side_room, infiniplex_forest_lined_4_way,
          infiniplex_forest_corner_1, infiniplex_forest_corner_1,
          infiniplex_forest_clump_diagonal, infiniplex_forest_zigzag_1,
          infiniplex_forest_clump_tiny, hellmonk_ecumenical_altar_blasted,
          st_stairs_2, minmay_misc_feat_rows, grunt_ministairs_1,
          chequers_serial_rivers_micro_b
D:3:      minmay_door_path, layout_loops_corners,
          mainiacjoe_overflow_surrounded_room, biasface_ghost_orc_armoury,
          chequers_decorated_corner, uniq_grinder
D:4:      layout_loops_corners, uniq_edmund, uniq_robin
D:5:      layout_rooms, minmay_temple_entry_slanted, minmay_fountain_box
D:6:      layout_basic, amethyst_overflow_temple_binary,
          gammafunk_ghost_cemetery, hangedman_decor_riveting,
          kennysheep_nondescript, grunt_ministairs_11
D:7:      layout_loops_ring
D:8:      layout_loops_cross, jmf_multi_god_temple2, erik_lair_orcish_takeover,
          roderic_cross_of_infinity, chequers_serial_rivers_micro_a,
          nrook_loot_triangle, minmay_increasing_density
D:9:      layout_basic, david_orc_2, minmay_circle_x
Temple:   minmay_crystal_spiral_temple
Lair:1:   layout_regular_city, beast_lair_carwin_5, infiniplex_staircase_pool_2
Lair:2:   layout_misc_corridors, elwin_shoals_entry_stream, st_stairs_5,
          serial_bayou_crossing, grunt_megastairs_4
Lair:3:   dpeg_oklob_gauntlet, layout_chaotic_city,
          nicolae_snake_entry_warm_welcome, beast_lair_carwin_8
Lair:4:   layout_cellular_growth, dpeg_slime_entry_enclosed
Lair:5:   wormcave, layout_misc_corridors, guppyfry_lair_end_dragon,
          st_stairs_7, infiniplex_staircase_pool, grunt_megastairs_5,
          serial_bayou_shore_b, uniq_kirke

Skill      XL: |  1  2  3  4  5  6  7  8  9 10 11 12 13 |
---------------+----------------------------------------+-----
Long Blades    | 11 12 13 | 13.3
Invocations    | 1 2 3 4 5 6 7 8 9 |  9.4
Fighting       | 1 2 3 4 5 6 7 8 |  8.6
Short Blades   | 1 2 3 4 5 6 7 8 |  8.6
Axes           | 1 2 3 4 5 6 7 8 |  8.6
Maces & Flails | 1 2 3 4 5 6 7 8 |  8.6
Polearms       | 1 2 3 4 5 6 7 8 |  8.6
Staves         | 1 2 3 4 5 6 7 8 |  8.6
Ranged Weapons | 1 2 3 4 5 6 7 8 |  8.6
Throwing       | 1 2 3 4 5 6 7 8 |  8.6
Armour         | 1 2 3 4 5 6 7 8 |  8.6
Dodging        | 1 2 3 4 5 6 7 8 |  8.6
Shields        | 1 2 3 4 5 6 7 8 |  8.6
Spellcasting   | 1 2 3 4 5 6 7 8 |  8.6
Evocations     | 1 2 3 4 5 6 7 8 |  8.6
Conjurations   | 1 2 3 4 5 6 7 |  7.1
Hexes          | 1 2 3 4 5 6 7 |  7.1
Summonings     | 1 2 3 4 5 6 7 |  7.1
Necromancy     | 1 2 3 4 5 6 7 |  7.1
Translocations | 1 2 3 4 5 6 7 |  7.1
Transmutations | 1 2 3 4 5 6 7 |  7.1
Fire Magic     | 1 2 3 4 5 6 7 |  7.1
Ice Magic      | 1 2 3 4 5 6 7 |  7.1
Air Magic      | 1 2 3 4 5 6 7 |  7.1
Earth Magic    | 1 2 3 4 5 6 7 |  7.1
Poison Magic   | 1 2 3 4 5 6 7 |  7.1
Unarmed Combat | 3 4 5 6 7 8 9 |  9.0
Stealth        | 8 9 10 11 | 11.5

Action                     |  1- 3 |  4- 6 |  7- 9 | 10-12 | 13-15 || total
---------------------------+-------+-------+-------+-------+-------++-------
  Melee: Falchion          |   114 |   225 |   321 |   349 |    44 ||  1053
         Bite              |     7 |    16 |    25 |    86 |     8 ||   142
         Punch             |       |     6 |     8 |    21 |     4 ||    39
         Dire flail        |       |       |       |   165 |    14 ||   179
   Fire: Triple crossbow   |       |       |    61 |   166 |    35 ||   262
 Invoke: Berserk           |       |       |     3 |    11 |     1 ||    15
         Trog's Hand       |       |       |       |     2 |       ||     2
  Evoke: Wand              |       |       |     3 |     6 |     3 ||    12
    Use: Scroll            |     3 |    10 |     5 |    12 |       ||    30
         Potion            |       |     1 |       |     3 |       ||     4
   Stab: Sleeping          |    11 |     2 |       |       |       ||    13
         Paralysed         |       |       |     3 |    11 |       ||    14
         Distracted        |       |       |       |     2 |       ||     2
 Armour: Robe              |    24 |       |       |       |       ||    24
         Leather armour    |       |     8 |       |       |       ||     8
         Chain mail        |       |    79 |   146 |   425 |    57 ||   707
         Skin              |       |     7 |       |       |       ||     7
  Dodge: Dodged            |    59 |    60 |    82 |   429 |    43 ||   673
  Block: Other             |       |    41 |    58 |   193 |    15 ||   307
         Reflection        |       |       |     1 |     3 |       ||     4
